 Dungeon Crawl Stone Soup version 0.28-a0-1555-g9ae15a6949 (webtiles) character file.

Game seed: 9743729119768920554

4 ytrimaz the Skirmisher (level 1, -9/18 HPs)
             Began as a Demonspawn Berserker on Jan 18, 2022.
             Was a Follower of Trog.
             Mangled by a kobold (18 damage)
             ... on level 1 of the Dungeon.
             The game lasted 00:00:13 (38 turns).

ytrimaz the Skirmisher (Demonspawn Berserker)         Turns: 38, Time: 00:00:14

Health: -9/18      AC:  2    Str: 17    XL:     1   Next: 50%
Magic:  1/1        EV: 12    Int:  8    God:    Trog [*.....]
Gold:   0          SH:  0    Dex: 12    Spells: 0/0 levels left

rFire   . . .      SeeInvis .   c - +0 battleaxe
rCold   . . .      Faith    .   (shield currently unavailable)
rNeg    . . .      Spirit   .   b - +0 animal skin
rPois   .          Reflect  .   (no helmet)
rElec   .          Harm     .   (no cloak)
rCorr   .          Rampage  .   (no gloves)
Will    .....                   (no boots)
Stlth   +.........              (no amulet)
HPRegen 0.06/turn               (no ring)
MPRegen 0.07/turn               (no ring)

@: no status effects
A: no striking features
a: Renounce Religion, Berserk


You were on level 1 of the Dungeon.
You worshipped Trog.
Trog was aware of your devotion.
You visited 1 branch of the dungeon, and saw 1 of its levels.

Inventory:

Hand Weapons
 a - a +0 hand axe
 c - a +0 battleaxe (weapon)
Armour
 b - a +0 animal skin (worn)


   Skills:
 * Level 3.1 Fighting
 + Level 2.7 Axes
 * Level 1.8 Armour
 * Level 1.8 Dodging


You couldn't memorise any spells.
You didn't know any spells.
Your spell library was empty.

Dungeon Overview and Level Annotations

Branches:
Dungeon (1/15)

Altars:


Message History

No target in view!
Found a mace.
A bat comes into view.
Found a battleaxe.
The endoplasm completely misses you.
A jackal comes into view.
The endoplasm hits you.
You slash the endoplasm!
You kill the endoplasm!
Trog accepts your kill.
You barely miss the bat. The bat hits you but does no damage. The bat hits you.
Found a sedimented green potion.
The bat misses you. The bat hits you but does no damage.
The bat barely misses you.
You hit the bat.
You kill the bat!
Trog accepts your kill.
You slash the jackal!
You kill the jackal!
Trog accepts your kill.
No target in view!
You see here a +0 battleaxe.
c - a +0 battleaxe
c - a +0 battleaxe (weapon)
Unknown command.
HP restored.
A kobold comes into view.
It is wielding a +2 whip of electrocution.
You see here a scroll labelled HIONAA LESMI.
A kobold is nearby!
A kobold is nearby!
A kobold is nearby!
The kobold shouts!
You hear a bark!
The kobold throws a stone.
The stone hits you.
A jackal comes into view.
The jackal barks!
A jackal comes into view.
The jackal barks!
A rat comes into view.
The kobold hits you with a +2 whip of electrocution.
You are electrocuted!!
Ouch! That really hurt!
You die...

###### #....# ..
#.###....# ...
###.....K..#....
#####>#####.@h..h...
#<....##............
.#####.##.##...).....
..>..#'##.#...###.###
...........?.####....
............###...#
r.
........###...†...# .
........# #......##
...?...## #..)...#


You could see 2 jackals, a kobold and a rat.

Vanquished Creatures
  A bat (D:1)
  An endoplasm (D:1)
  A jackal (D:1)
3 creatures vanquished.

Notes
Turn   | Place    | Note
-------+----------+-------------------------------------------
     0 | D:1      | ytrimaz the Demonspawn Berserker began the quest for the
                  | Orb.
     0 | D:1      | Reached XP level 1. HP: 18/18 MP: 1/1
    38 | D:1      | Mangled by a kobold

Illustrated notes

Levels and vault maps discovered:
D:1:      amcnicky_arrival_choice, layout_rooms

Action                   || total
-------------------------++-------
Melee: Hand axe          ||     3
Armor: Animal skin       ||     2
Dodge: Dodged            ||     3

Table legend: (Time is in decaauts)
 A = Elapsed time spent in this place.
 B = Non-inter-level travel time spent in this place.
 C = Inter-level travel time spent in this place.
 D = Time resting spent in this place.
 E = Time spent auto-exploring this place.
 F = Levels seen in this place.
 G = Mean time per level.
                   A        B        C        D        E       F      G
               +--------+--------+--------+--------+--------+-----+--------+
         Total |     38 |     38 |      0 |      0 |     18 |   1 |   38.0 |
       Dungeon |     38 |     38 |      0 |      0 |     18 |   1 |   38.0 |
               +--------+--------+--------+--------+--------+-----+--------+

Top non-repeatable levels by time:
     D:1: 38 daAuts
